 Dungeon Crawl Stone Soup version 0.31-a0-152-g6aa68a64a1 (webtiles) character file.

Game seed: 18308215132006506097

28 qw the Shield-Bearer (level 3, -5/23 HPs)
             Began as a Gargoyle Fighter on June 10, 2023.
             Killed by divine providence
             ... invoked by an orc priest
              (12 damage)
             ... on level 2 of the Dungeon.
             The game lasted 00:00:20 (699 turns).

qw the Shield-Bearer (Gargoyle Fighter)              Turns: 699, Time: 00:00:20

Health: -5/23      AC: 10    Str: 21    XL:     3   Next: 12%
Magic:  3/3        EV:  9    Int:  8    God:
Gold:   49         SH:  4    Dex:  9    Spells: 2/2 levels left

rFire   . . .        Y - +0 war axe
rCold   . . .        c - +0 buckler
rNeg    + . .        b - +0 scale mail
rPois   inf          (no helmet)
rElec   +            (no cloak)
rCorr   .            (no gloves)
SInv    .            (no boots)
Will    .....        (no amulet) Stlth
                     (no ring)
HPRegen 0.23/turn    (no ring)
MPRegen 0.08/turn

%: no passive effects
@: no status effects
A: sickness immunity, AC +3, negative energy resistance 1, electricity
resistance, torment resistance 1, petrification resistance
a: no special abilities


You were on level 2 of the Dungeon.
You visited 1 branch of the dungeon, and saw 2 of its levels.

You collected 49 gold pieces.


Innate Abilities, Weirdness & Mutations

You are immune to sickness and miasma.
Your stone body is resilient. (AC +3)
You are immune to poison.
You resist negative energy. (rN+)
You are resistant to electric shocks. (rElec)
You are resistant to unholy torment.
You are immune to petrification.


   Skills:
 - Level 3.2 Fighting
 + Level 3.2 Axes
 - Level 3.2 Armour
 - Level 3.2 Shields


You had 2 spell levels left.
You didn't know any spells.
Your spell library was empty.

Inventory:

Hand Weapons
 e - a +0 mace
 Y - a +0 war axe (weapon)
Armour
 b - a +0 scale mail (worn)
 c - a +0 buckler (worn)
Potions
 d - a potion of might
 f - a potion of heal wounds
 i - a potion of curing {unknown}

Dungeon Overview and Level Annotations

Branches:
Dungeon (2/15)

Altars:


Message History

687 ||| Stepping ~*~*~tactically~*~*~ (hiding).
You barely miss the ball python. The ball python barely misses you.
The ball python completely misses you.
The orc wizard mumbles some strange words.
The orc wizard flickers and vanishes!
Deactivating autopickup; reactivate with Ctrl-A.
You block the ball python's attack. The ball python grabs you.
The ball python constricts you.
You barely miss the ball python. You block the ball python's attack.
The ball python constricts you.
An orc comes into view. It is wielding a +0 club.
You slash the ball python!
You kill the ball python!
An orc priest comes into view. It is wielding a +0 flail.
The orc priest shouts!
You hit the orc.
The orc is lightly wounded.
You hear a shout!
The orc hits you but does no damage.
You hit the orc.
You kill the orc!
695 ||| Stepping ~*~*~tactically~*~*~ (hiding).
A quokka comes into view.
The quokka moves out of view.
You see here a ball python corpse.
You closely miss something. Something hits you but does no damage.
You closely miss something.
You hear some strange, mumbled words.
A puff of flame appears from out of thin air!
The puff of flame hits you. Something hits you but does no damage.
The orc hits you with a +0 club.
You slash the orc!
You kill the orc!
You hit something but do no damage. Something hits you.
You block something's attack. The quokka bites you.
The orc priest mumbles some strange prayers to Beogh against you.
Beogh smites you!
Ouch! That really hurt!
You die...

#. #. #. ##. .. #.###
#...#######
##r........
o#######{@.###### #
.......)o#.....#####.#
.#############.......#
#......#.. #.........
#.<......[ #.........
########..


You could see an orc priest and a quokka.

Vanquished Creatures
  2 orcs (D:2)
  3 bats (D:1)
  3 endoplasms (D:1)
  A goblin (D:1)
  A hobgoblin (D:2)
  7 jackals (D:1)
  A kobold (D:1)
  4 ball pythons
  A rat (D:1)
23 creatures vanquished.

Notes
Turn   | Place    | Note
-------+----------+-------------------------------------------
     0 | D:1      | qw the Gargoyle Fighter began the quest for the Orb.
     0 | D:1      | Reached XP level 1. HP: 14/14 MP: 1/1
     0 | D:1      | 0 ||| qw: Version: 0.2-a-29-g767f381
     0 | D:1      | 0 ||| qw: Game counter: 3865
     0 | D:1      | 0 ||| qw: Always use a shield: true
     0 | D:1      | 0 ||| qw: God list: Okawaru
     0 | D:1      | 0 ||| qw: Allow faded altars: false
     0 | D:1      | 0 ||| qw: Do Orc after D:15 true
     0 | D:1      | 0 ||| qw: Do second Lair branch before Depths: true
     0 | D:1      | 0 ||| qw: Lair rune preference: random
     0 | D:1      | 0 ||| qw: Plans: Normal, Zot:1-4, Slime:5, God:TSO, Crypt,
                  | Tomb, Abyss, Pan, Hells, Win
     0 | D:1      | 0 ||| PLANNING D:1-11
    85 | D:1      | Reached XP level 2. HP: 19/19 MP: 2/2
   562 | D:1      | 562 ||| Stepping ~*~*~tactically~*~*~ (stealth).
   568 | D:1      | Reached skill level 3 in Axes
   570 | D:1      | Reached XP level 3. HP: 23/23 MP: 3/3
   657 | D:1      | 657 ||| READING scroll labelled KAEN VAJUB XOAHI.
   662 | D:1      | 662 ||| READING scroll labelled KAECSAM OSIU.
   663 | D:1      | 663 ||| READING scroll labelled ROD SYANUNOGOFF.
   664 | D:1      | 664 ||| READING scroll labelled WOROON LUS USIDED.
   665 | D:1      | 665 ||| DRINKING 2 inky potions.
   682 | D:2      | 682 ||| Stepping ~*~*~tactically~*~*~ (stealth).
   687 | D:2      | 687 ||| Stepping ~*~*~tactically~*~*~ (hiding).
   695 | D:2      | 695 ||| Stepping ~*~*~tactically~*~*~ (hiding).
   699 | D:2      | Killed from afar by an orc priest

Levels and vault maps discovered:
D:1:      mrwooster_arrival_arrow, layout_loops_ring
D:2:      layout_rooms, serial_shops, shop, hellmonk_ecumenical_altar_lost_god

Skill      XL: |  1  2 |
---------------+-------+-----
Axes           | 2 3 |  3.2
Fighting       | |  3.2
Armour         | |  3.2
Shields        | |  3.2

Action                     || total
---------------------------++-------
  Melee: War axe           ||    47
    Use: Scroll            ||     4
         Potion            ||     1
 Armour: Scale mail        ||    23
  Dodge: Dodged            ||    24
  Block: Buckler           ||    13

Table legend:
 A = Non-vault XP
 B = Vault XP
 C = Vault XP percentage of total XP
 D = Non-vault monster count
 E = Vault monster count
 F = Vault count percentage of total count
                 A         B        C        D         E       F
            +---------+---------+-------+---------+---------+-------
      Total |      43 |       0 |   0.0 |      23 |       0 |   0.0
            +---------+---------+-------+---------+---------+-------
        D:1 |      34 |       0 |   0.0 |      19 |       0 |   0.0
        D:2 |       9 |       0 |   0.0 |       4 |       0 |   0.0
            +---------+---------+-------+---------+---------+-------
